 Dungeon Crawl Stone Soup version 0.22-a0-469-gf26638a (webtiles) character file.

32886 sauken the Carver (level 13, -8/121 HPs)
             Began as a Naga Fighter on June 11, 2018.
             Was an Elder of Cheibriados.
             Mangled by a death yak (14 damage)
             ... on level 6 of the Lair of Beasts.
             The game lasted 00:39:29 (15695 turns).

sauken the Carver (Naga Fighter)                   Turns: 15695, Time: 00:39:30

Health: -8/121     AC: 13    Str: 29    XL:     13   Next: 67%
Magic:  4/20       EV:  9    Int: 21    God:    Cheibriados [****..]
Gold:   1140       SH:  0    Dex: 23    Spells: 12/12 levels left

rFire    . . .     SeeInvis +   H - +9 scimitar
rCold    . . .     Gourm    .   o - +0 buckler
rNeg     . . .     Faith    .   b - +0 scale mail
rPois    +         Spirit   .   m - +2 helmet
rElec    .         Reflect  .   (no cloak)
rCorr    .         Harm     .   A - +0 pair of gloves
MR       ++...                  (no barding)
Stlth    +++.......             (no amulet)
HPRegen  0.30/turn              r - ring of protection from magic
MPRegen  0.17/turn              i - +4 ring of evasion

@: petrifying, very slow
A: large, fangs 1, see invisible, deformed body, poison resistance, slowness 2,
slow metabolism 1, spit poison 2, constrict 1, AC +4
a: Breathe Poison Gas, Bend Time, Temporal Distortion, Slouch, Renounce Religion


You were on level 6 of the Lair of Beasts.
You worshipped Cheibriados.
Cheibriados was greatly pleased with you.
You were not hungry.

You visited 3 branches of the dungeon, and saw 18 of its levels.
You also visited: Sewer.

You collected 1140 gold pieces.

Inventory:

Hand Weapons
 a - a +1 long sword
 g - a +0 blowgun
 H - a +9 scimitar (weapon)
 I - a +2 long sword
 W - a +4 demon blade of venom
Missiles
 E - 3 throwing nets (quivered)
 Q - 7 curare-tipped needles
Armour
 b - a +0 scale mail (worn)
 c - a +0 shield
 l - a +0 chain mail
 m - a +2 helmet (worn)
 o - a +0 buckler (worn)
 A - a +0 pair of gloves (worn)
 B - a +0 troll leather armour
 K - +0 acid dragon scales
 R - a +0 leather armour
Jewellery
 e - an uncursed ring of protection from cold
 i - a +4 ring of evasion (right hand)
 k - an uncursed ring of stealth
 r - a ring of protection from magic (left hand)
 M - an uncursed ring of ice
 U - the ring "Wacexaz" {*Corrode rElec rF+ rN+ Dex+2}
   (You found it on level 2 of the Lair of Beasts)

   [ring of dexterity]

   It affects your dexterity (+2).
   It protects you from fire.
   It insulates you from electricity.
   It protects you from negative energy.
   It may corrode you when you take damage.
Wands
 p - a wand of flame (53)
 t - a wand of iceblast (6)
 G - a wand of digging (7)
 L - a wand of polymorph (10)
 P - a wand of paralysis (23)
Scrolls
 j - 7 scrolls of remove curse
 u - 4 scrolls of amnesia
 v - 2 scrolls of fog
 y - a scroll of fear
 J - a scroll of torment
 N - 2 scrolls of magic mapping
 O - 2 scrolls of silence
Potions
 d - 5 potions of lignification
 h - 3 potions of brilliance
 n - 3 potions of flight
 s - 3 potions of ambrosia
 w - 3 potions of might
 x - 6 potions of curing
 z - a potion of mutation
 C - 2 potions of invisibility
 F - a potion of magic {unknown}
 S - 2 potions of heal wounds {unknown}
 T - a potion of cancellation {unknown}
 V - a potion of agility {unknown}
Comestibles
 f - 38 rations


   Skills:
 + Level 9.3 Fighting
 + Level 13.3 Long Blades
 + Level 6.5 Armour
 - Level 6.9 Dodging
 - Level 6.7 Stealth
 + Level 6.4 Shields
 + Level 10.3 Invocations


You had 12 spell levels left.
You didn't know any spells.
Your spell library contained the following spells:

 Spells                   Type           Power        Failure   Level  Hunger
 Fireball                 Conj/Fire      #.........   100%        5    ######.
 Apportation              Tloc           #.....       34%         1    ##.....
 Conjure Flame            Conj/Fire      #.......     71%         3    ####...
 Confuse                  Hex            #.......     71%         3    ####...
 Throw Flame              Conj/Fire      #.....       47%         2    ###....
 Controlled Blink         Tloc           N/A          100%        8    #######
 Mephitic Cloud           Conj/Pois/Air  #.......     71%         3    ####...
 Venom Bolt               Conj/Pois      #.........   100%        5    ######.
 Olgreb's Toxic Radiance  Pois           #.......     98%         4    #####..
 Summon Small Mammal      Summ           #...         34%         1    ##.....
 Animate Skeleton         Necr           N/A          34%         1    ##.....
 Sticky Flame             Conj/Fire      #.......     98%         4    #####..
 Sting                    Conj/Pois      #...         34%         1    ##.....
 Tukima's Dance           Hex            #.......     71%         3    ####...
 Stone Arrow              Conj/Erth      #.....       71%         3    ####...
 Confusing Touch          Hex            #.....       34%         1    ##.....
 Flame Tongue             Conj/Fire      #....        34%         1    ##.....
 Passwall                 Tmut/Erth      #.......     47%         2    ###....
 Ensorcelled Hibernation  Hex/Ice        #.....       47%         2    ###....
 Metabolic Englaciation   Hex/Ice        #.........   100%        5    ######.
 Dispersal                Tloc           #.........   100%        6    #######
 Corona                   Hex            #......      34%         1    ##.....
 Lee's Rapid Deconstruct  Erth           #.........   100%        5    ######.
 Sandblast                Erth           #.....       34%         1    ##.....
 Portal Projectile        Hex/Tloc       #.....       71%         3    ####...
 Petrify                  Tmut/Erth      #.......     98%         4    #####..
 Inner Flame              Hex/Fire       #.......     71%         3    ####...
 Disjunction              Tloc           #.........   100%        8    #######
 Dazzling Spray           Conj/Hex       #.....       71%         3    ####...
 Force Lance              Conj/Tloc      #.......     98%         4    #####..
 Gell's Gravitas          Tloc           #.........   71%         3    ####...
 Yara's Violent Unravell  Hex/Tmut       #.........   100%        5    ######.
 Poisonous Vapours        Pois/Air       #.....       47%         2    ###....


Dungeon Overview and Level Annotations

Branches:
Dungeon (11/15)            Temple (1/1) D:4            Lair (6/6) D:10
  Swamp (0/4) Lair:3        Snake (0/4) Lair:3          Orc (0/2) D:11
  Slime: Lair:5-6

Altars:
Ashenzari
Cheibriados
Dithmenos
Elyvilon
Fedhas
Gozag
Hepliaklqana
Kikubaaqudgha
Makhleb
Nemelex Xobeh
Okawaru
Qazlal
Ru
Sif Muna
Trog
Uskayaw
Vehumet
Wu Jian
Xom
Yredelemnul
Zin
The Shining One

Portals:
Trove: D:10 (show abyssal rune of Zot)

Annotations:
Lair:5 exclusion: oklob plant


Innate Abilities, Weirdness & Mutations

You cannot wear boots.
Your serpentine skin is tough. (AC +4)
You have supernaturally acute eyesight. (SInv)
Armour fits poorly on your strangely shaped body.
Your system is resistant to poisons. (rPois)
You cover ground very slowly.
You have a slow metabolism.
You can exhale a cloud of poison.
You can use your snake-like lower body to constrict enemies.
You have very sharp teeth.


Message History

Aim: a catoblepas You throw a throwing net.
The throwing net hits the catoblepas.
The catoblepas is caught in the net!
The death yak bellows!
You hear a trumpeting!
The catoblepas breathes a plume of calcifying dust at you.
The blast of calcifying dust hits you!
* * * LOW HITPOINT WARNING * * *
The catoblepas struggles against the net.
The crocodile misses you.
The dream sheep shake their wool and sparkle.
You feel drowsy...
You fall asleep.
You are engulfed in calcifying dust.
The crocodile barely misses you.
You are engulfed in calcifying dust.
You are slowing down.
The death yak bellows!
You hear a roar!
The catoblepas struggles against the net.
The crocodile bites you.
You wake up.
* * * LOW HITPOINT WARNING * * *
The death yak gores you!!
You die...

Y8......Y.............Y...
........Y.............##..
..8......Y.............#..
...###.................#.
#§#YYY...........FP#D
#§##.............YY..Y .Y#
##Y.............Y.. #Y.
#tYY.............Yt ##
#§#@..............S.
###§................
##................ .......
.###.#.. ....?.. ##...
....... ...$. .......
#..... ....... #.....
##..##


You could see 5 death yaks, a catoblepas (caught), a crocodile and 2 dream
sheep.

Vanquished Creatures
  Fannar (Lair:3)
  Harold (D:11)
  3 hydras
  A catoblepas (Lair:3)
  A two-headed ogre (D:10)
  3 death yaks (D:10)
  Sonja (Lair:1)
  An unseen horror (D:11)
  An ugly thing (D:11)
  6 elephants (Lair:1)
  A black mamba (Lair:4)
  A rime drake (Lair:2)
  6 spiny frogs
  3 komodo dragons
  5 trolls
  A polar bear (Lair:2)
  A bog body (Lair:3)
  6 dream sheep (Lair:4)
  13 blink frogs
  2 hornets
  3 hippogriffs
  A vampire (D:9)
  3 wraiths
  15 yaks
  Sigmund (D:2)
  9 basilisks
  A human (D:7)
  A hungry ghost (D:8)
  4 hogs (D:7)
  A soldier ant (D:11)
  3 swamp worms (Lair:3)
  4 nagas (Lair:3)
  2 acid dragons (D:11)
  4 porcupines
  6 water moccasins
  3 sky beasts
  4 necrophages
  5 orc warriors
  4 ogres
  2 ice beasts
  A black bear (D:5)
  A phantom (D:9)
  4 centaurs
  10 crocodiles
  An elf zombie (D:9)
  2 big kobolds (D:10)
  12 bullfrogs
  An elf skeleton (D:9)
  8 wights
  2 electric eels (Lair:3)
  3 crimson imps
  2 jellies
  3 bullfrog skeletons
  7 hounds
  8 orc priests
  2 centaur skeletons
  A human skeleton (D:9)
  3 human zombies (D:9)
  11 orc wizards
  5 iguanas
  11 worker ants
  A killer bee zombie (D:7)
  An ogre skeleton (D:9)
  A hound zombie (D:7)
  A mummy (D:9)
  2 adders
  4 gnolls (D:8)
  2 shadow imps
  2 adder skeletons
  2 worms
  2 dart slugs (D:1)
  7 leopard geckos
  42 orcs
  17 giant cockroaches
  A hobgoblin (D:3)
  9 jackals
  15 kobolds
  3 quokkas (D:5)
  A ball python skeleton (D:5)
  15 bats
  2 frilled lizards
  12 goblins
  A jackal skeleton (D:4)
  A jackal zombie (D:5)
  A quokka skeleton (D:4)
  11 rats
388 creatures vanquished.

Vanquished Creatures (collateral kills)
  A hydra (Lair:3)
  A bullfrog (Lair:3)
2 creatures vanquished.

Vanquished Creatures (others)
  A fungus (Lair:3)
  2 plants (Lair:6)
3 creatures vanquished.

Grand Total: 393 creatures vanquished

Notes
Turn   | Place    | Note
-------+----------+-------------------------------------------
     0 | D:1      | sauken the Naga Fighter began the quest for the Orb.
     0 | D:1      | Reached XP level 1. HP: 21/21 MP: 1/1
    50 | D:1      | Reached XP level 2. HP: 18/28 MP: 2/2
   726 | D:1      | Reached XP level 3. HP: 29/34 MP: 3/3
  1059 | D:2      | Reached skill level 3 in Long Blades
  1393 | D:2      | Noticed Sigmund
  1637 | D:2      | Killed Sigmund
  1637 | D:2      | Reached skill level 4 in Long Blades
  1637 | D:2      | Reached XP level 4. HP: 20/45 MP: 4/4
  1637 | D:2      | Reached XP level 5. HP: 23/51 MP: 5/5
  2141 | D:3      | Reached XP level 6. HP: 46/58 MP: 6/6
  2172 | D:3      | Reached skill level 5 in Long Blades
  2755 | D:3      | Found a shadowy altar of Dithmenos.
  2774 | D:3      | Found a glowing golden altar of the Shining One.
  2993 | D:4      | Found a blossoming altar of Fedhas.
  3002 | D:4      | Found a stormy altar of Qazlal.
  3103 | D:4      | Reached skill level 5 in Fighting
  3558 | D:4      | Reached XP level 7. HP: 49/67 MP: 7/7
  3716 | D:4      | Found a staircase to the Ecumenical Temple.
  3738 | Temple   | Entered the Ecumenical Temple
  3761 | Temple   | Became a worshipper of Cheibriados the Contemplative
  3857 | D:4      | Reached skill level 6 in Long Blades
  4450 | D:5      | Entered Level 5 of the Dungeon
  4504 | D:5      | Reached skill level 1 in Invocations
  4561 | D:5      | Reached skill level 1 in Dodging
  4792 | D:5      | Gained mutation: You can exhale a cloud of poison. [potion of mutation]
  4792 | D:5      | Gained mutation: Your magical capacity is low. (-10% MP) [potion of mutation]
  4792 | D:5      | Gained mutation: You evolve. [potion of mutation]
  4866 | D:5      | Reached * piety under Cheibriados
  4914 | D:5      | Reached skill level 7 in Long Blades
  5016 | D:5      | Reached XP level 8. HP: 61/74 MP: 8/8
  5455 | D:5      | Lost mutation: Your magical capacity is low. (-10% MP) [evolution]
  5567 | D:6      | Reached ** piety under Cheibriados
  5569 | D:6      | Found a glowing drain.
  5592 | Sewer    | Entered a sewer
  5938 | D:6      | Reached skill level 8 in Long Blades
  6527 | D:7      | Reached XP level 9. HP: 62/81 MP: 12/12
  6534 | D:7      | Reached skill level 9 in Long Blades
  6541 | D:7      | Reached skill level 5 in Invocations
  6915 | D:7      | Reached *** piety under Cheibriados
  6966 | D:7      | Gained mutation: Your flesh is cold resistant. (rC+) [evolution]
  7492 | D:8      | Noticed a hornet
  7498 | D:8      | Killed a hornet
  7522 | D:8      | Reached skill level 10 in Long Blades
  7608 | D:8      | Reached **** piety under Cheibriados
  7944 | D:8      | Gained mutation: You have very sharp teeth. [evolution]
  8018 | D:8      | Reached XP level 10. HP: 88/88 MP: 14/14
  8208 | D:9      | Found an ancient bone altar of Kikubaaqudgha.
  8250 | D:9      | Found a white marble altar of Elyvilon.
  8250 | D:9      | Found a hazy altar of Hepliaklqana.
  8250 | D:9      | Found a deep blue altar of Sif Muna.
  8254 | D:9      | Found a glowing silver altar of Zin.
  8387 | D:9      | Found a snail-covered altar of Cheibriados.
  8449 | D:9      | Found a basalt altar of Yredelemnul.
  8523 | D:9      | Reached ***** piety under Cheibriados
  8535 | D:9      | Found an opulent altar of Gozag.
  8712 | D:9      | Found a shimmering altar of Xom.
  8976 | D:10     | Entered Level 10 of the Dungeon
  9003 | D:10     | Found a portal to a secret trove of treasure.
  9037 | D:10     | Reached skill level 11 in Long Blades
  9131 | D:10     | Reached skill level 5 in Armour
  9131 | D:10     | Reached skill level 5 in Shields
  9131 | D:10     | Reached XP level 11. HP: 61/94 MP: 15/15
  9274 | D:10     | Noticed a two-headed ogre
  9277 | D:10     | Killed a two-headed ogre
  9308 | D:10     | Noticed a death yak
  9309 | D:10     | Found a staircase to the Lair.
  9310 | D:10     | Noticed a death yak
  9310 | D:10     | Noticed a death yak
  9425 | D:10     | Reached skill level 5 in Dodging
 10088 | D:11     | Noticed Harold
 10098 | D:11     | Killed Harold
 10295 | D:11     | Found a staircase to the Orcish Mines.
 10363 | D:11     | Noticed an unseen horror
 10376 | D:11     | Killed an unseen horror
 10376 | D:11     | Reached skill level 12 in Long Blades
 10432 | D:11     | Noticed a white ugly thing
 10447 | D:11     | Killed a white ugly thing
 10479 | D:11     | Lost mutation: Your flesh is cold resistant. (rC+) [evolution]
 10479 | D:11     | Lost mutation: You evolve. [end of evolution]
 10533 | D:11     | Noticed a six-headed hydra
 10855 | D:10     | Killed a death yak
 10858 | D:10     | Reached XP level 12. HP: 85/109 MP: 16/18
 10862 | D:10     | Killed a death yak
 10867 | D:10     | Killed a death yak
 10969 | Lair:1   | Entered Level 1 of the Lair of Beasts
 11056 | Lair:1   | Noticed Sonja
 11064 | Lair:1   | Killed Sonja
 11288 | Lair:1   | Reached skill level 1 in Stealth
 11293 | Lair:1   | Reached ****** piety under Cheibriados
 12086 | Lair:2   | Noticed a five-headed hydra
 12090 | Lair:2   | Killed a five-headed hydra
 12181 | Lair:2   | Noticed a six-headed hydra
 12188 | Lair:2   | Killed a seven-headed hydra
 12344 | Lair:2   | Got a flickering turquoise ring
 12346 | Lair:2   | Identified the ring "Wacexaz" {*Corrode rElec rF+ rN+ Dex+2} (You found it on level 2 of the Lair of Beasts)
 12415 | Lair:2   | Gained mutation: You can use your snake-like lower body to constrict enemies. [Naga growth]
 12415 | Lair:2   | Reached XP level 13. HP: 100/118 MP: 20/20
 12959 | Lair:3   | Reached skill level 13 in Long Blades
 13035 | Lair:3   | Found the +8 trident of the Octopus King {venom, rElec rPois MR+}
 13140 | Lair:3   | Noticed Fannar
 13148 | Lair:3   | Killed Fannar
 13188 | Lair:3   | Reached skill level 5 in Stealth
 13472 | Lair:3   | Found a staircase to the Snake Pit.
 13615 | Lair:3   | Found a staircase to the Swamp.
 13715 | Lair:3   | Reached skill level 10 in Invocations
 15101 | Lair:5   | Identified a scroll of acquirement
 15609 | Lair:6   | Entered Level 6 of the Lair of Beasts
 15695 | Lair:6   | HP: 6/121 [crocodile (2)]
 15695 | Lair:6   | Mangled by a death yak

Vault maps used:
D:1:      dpeg_arrival_three_smaller_balls, serial_glass, glass_columns_a,
          glass_columns_a
D:2:      first_ration, uniq_sigmund
D:3:      minmay_roachtagon, lemuel_doored_altar,
          grunt_dithmenos_smoke_and_mirrors
D:4:      grunt_temple_overflow_forces_of_nature,
          minmay_temple_entry_purple_smoke
D:6:      portal_sewer_entry_f
D:7:      grunt_livestock
D:8:      small_statue_intersection
D:9:      lemuel_mausoleum_altar_yredelemnul, kennysheep_mini,
          grunt_gozag_statues, minitemple, overflow_temple_1_default,
          basic_altar
D:10:     dpeg_lair_monsters, nicolae_trove_entry_crossroad
D:11:     david_orc_1_choice, uniq_harold
Temple:   eino_temple_lava
Lair:1:   lemuel_fruit_tree, serial_bayou_shore_a, uniq_sonja
Lair:3:   nicolae_swamp_entry_splash_gauntlet,
          minmay_snake_entry_guardpost_small, minivault_24, uniq_fannar
Lair:4:   kennysheep_basilisk_garden
Lair:5:   minmay_slime_entry_oklob_enclosed
Lair:6:   evilmike_catoblepas_cave
Sewer:    sewer_big_baddie

Skill      XL: |  1  2  3  4  5  6  7  8  9 10 11 12 13 |
---------------+----------------------------------------+-----
Long Blades    | 4 5 7 8 10 11 12 13 | 13.3
Fighting       | 4 5 7 8 9 |  9.3
Invocations    | 2 4 6 8 9 10 | 10.3
Dodging        | 1 3 4 6 |  6.9
Armour         | 5 6 |  6.5
Shields        | 5 6 |  6.4
Stealth        | 4 6 |  6.7

Action                   |  1- 3 |  4- 6 |  7- 9 | 10-12 | 13-15 || total
-------------------------+-------+-------+-------+-------+-------++-------
Melee: Long sword        |    87 |   168 |   265 |       |       ||   520
       Scimitar          |       |       |    56 |   406 |   132 ||   594
       Bite              |       |       |     1 |   104 |    43 ||   148
       Constrict         |       |       |       |       |    41 ||    41
       Demon blade       |       |       |       |       |     4 ||     4
Throw: Throwing net      |       |       |       |       |     1 ||     1
Invok: Bend Time         |       |       |     3 |     4 |     4 ||    11
       Temporal Distorti |       |       |       |     1 |     2 ||     3
       Step From Time    |       |       |       |     1 |     1 ||     2
       Slouch            |       |       |       |     3 |     4 ||     7
 Abil: Spit Poison       |     3 |     5 |     2 |       |       ||    10
       Breathe Poison Ga |       |       |     7 |    17 |     3 ||    27
Evoke: Wand              |       |       |       |     4 |     2 ||     6
  Use: Scroll            |     6 |     4 |    16 |    10 |    11 ||    47
       Potion            |     1 |     2 |     1 |       |     4 ||     8
 Stab: Sleeping          |       |       |       |     3 |       ||     3
       Fleeing           |       |       |       |       |     1 ||     1
  Eat: Chunk             |       |     7 |     8 |     9 |     3 ||    27
       Ration            |       |       |     1 |     2 |     2 ||     5
Armor: Scale mail        |    54 |    96 |   111 |       |    13 ||   274
       Chain mail        |       |       |    34 |    23 |    70 ||   127
       Troll leather arm |       |       |       |    74 |       ||    74
Dodge: Dodged            |    26 |    40 |   147 |   339 |    88 ||   640
Block: Shield            |    51 |    84 |   202 |       |       ||   337
       Buckler           |       |       |     1 |   129 |    61 ||   191
       Rpst.: Long sword |     6 |    12 |    33 |       |       ||    51
       Scimitar          |       |       |    11 |    87 |    23 ||   121

Table legend:
 A = Spawn XP
 B = Non-spawn XP
 C = Spawn XP percentage of total XP
 D = Spawn monster count
 E = Non-spawn monster count
 F = Spawn count percentage of total count
 G = Total turns spent on level
                    A         B        C        D         E        F      G
               +---------+---------+-------+---------+---------+-------+---------
         Total |       0 |   46981 |   0.0 |       0 |     390 |   0.0 | 15695
               +---------+---------+-------+---------+---------+-------+---------
           D:1 |       0 |      39 |   0.0 |       0 |      24 |   0.0 |  1015
           D:2 |       0 |     245 |   0.0 |       0 |      14 |   0.0 |  1091
           D:3 |       0 |     197 |   0.0 |       0 |      37 |   0.0 |   887
           D:4 |       0 |     296 |   0.0 |       0 |      14 |   0.0 |  1373
           D:5 |       0 |     883 |   0.0 |       0 |      32 |   0.0 |  1070
           D:6 |       0 |     241 |   0.0 |       0 |      12 |   0.0 |   482
           D:7 |       0 |    1634 |   0.0 |       0 |      21 |   0.0 |  1242
           D:8 |       0 |    1133 |   0.0 |       0 |      23 |   0.0 |   628
           D:9 |       0 |    2382 |   0.0 |       0 |      35 |   0.0 |   988
          D:10 |       0 |    8474 |   0.0 |       0 |      48 |   0.0 |  1192
          D:11 |       0 |    5028 |   0.0 |       0 |      30 |   0.0 |   734
        Lair:1 |       0 |    7637 |   0.0 |       0 |      25 |   0.0 |  1117
        Lair:2 |       0 |    4304 |   0.0 |       0 |      12 |   0.0 |   836
        Lair:3 |       0 |    6185 |   0.0 |       0 |      22 |   0.0 |  1211
        Lair:4 |       0 |    4964 |   0.0 |       0 |      23 |   0.0 |   875
        Lair:5 |       0 |    2084 |   0.0 |       0 |       7 |   0.0 |   601
        Lair:6 |       0 |    1142 |   0.0 |       0 |       5 |   0.0 |    86
         Sewer |       0 |     113 |   0.0 |       0 |       6 |   0.0 |   183
               +---------+---------+-------+---------+---------+-------+---------
